 Dungeon Crawl Stone Soup version 0.30-a0-652-gcc886f7154 (webtiles) character file.

Game seed: 14345167382551663049

43 Leeroy the Slasher (level 3, -2/21 HPs)
             Began as a Tengu Warper on Jan 17, 2023.
             Slain by a kobold
             ... wielding a +0 short sword
              (4 damage)
             ... on level 2 of the Dungeon.
             The game lasted 00:01:01 (1113 turns).

Leeroy the Slasher (Tengu Warper)                   Turns: 1113, Time: 00:01:02

Health: -2/21      AC:  3    Str: 11    XL:     3   Next: 58%
Magic:  7/7        EV: 12    Int: 13    God:
Gold:   36         SH:  0    Dex: 15    Spells: 6/6 levels left

rFire   . . .      SeeInvis .    a - +0 falchion
rCold   . . .      Faith    .    (no shield)
rNeg    . . .      Spirit   .    b - +0 leather armour
rPois   .          Reflect  .    (helmet restricted)
rElec   .          Harm     .    (no cloak)
rCorr   .          Rampage  .    (no gloves)
Will    .....                    (boots unavailable)
Stlth   +                        (no amulet)
HPRegen 0.23/turn                (no ring)
MPRegen 0.10/turn                (no ring)

@: no status effects
A: beak, talons 3
a: no special abilities


You were on level 2 of the Dungeon.
You visited 1 branch of the dungeon, and saw 2 of its levels.

You collected 36 gold pieces.

Inventory:

Hand Weapons
 a - a +0 falchion (weapon)
Missiles
 d - 7 boomerangs of dispersal (quivered)
 f - 8 javelins
Armour
 b - a +0 leather armour (worn)
Jewellery
 k - an amulet of the acrobat
Scrolls
 c - a scroll of blinking
 e - a scroll of poison {unknown}
 g - a scroll of noise {unknown}
 h - a scroll of immolation {unknown}
 i - a scroll of vulnerability {unknown}
 j - 3 scrolls of identify {unknown}
 l - a scroll of acquirement {unknown}
 m - a scroll of silence {unknown}


   Skills:
 - Level 2.0 Fighting
 + Level 4.2 Long Blades
 - Level 1.0 Throwing
 - Level 1.1 Armour
 - Level 2.1 Dodging
 - Level 2.0 Spellcasting
 - Level 2.4 Translocations


You had 6 spell levels left.
You didn't know any spells.
Your spell library contained the following spells:

 Spells                   Type           Power      Damage    Failure   Level
 Blink                    Tloc           14%        N/A       19%         2
 Lesser Beckoning         Tloc           14%        N/A       19%         2
 Teleport Other           Tloc           7%         N/A       36%         3
 Vhi's Electric Charge    Tloc/Air       8%         N/A       52%         3
 Manifold Assault         Tloc           7%         N/A       77%         4


Dungeon Overview and Level Annotations

Branches:
Dungeon (2/15)

Altars:

Annotations:
D:2 Terence


Innate Abilities, Weirdness & Mutations

You have a beak for a mouth.
You have claws for feet.


Message History

You kill the hobgoblin!
Terence the Incautious comes into view.
He is wielding a +3 vampiric short sword.
The kobold closely misses you.
You hit the adder. Your kick misses the adder.
The adder is lightly wounded.
The adder barely misses you.
The kobold hits you with a +0 short sword.
The endoplasm hits you.
You barely miss the adder. Your kick misses the adder.
The adder is lightly wounded.
The adder barely misses you. The kobold closely misses you.
The endoplasm freezes you.
You are frozen.
You slash the adder! You peck the adder.
The adder is almost dead.
The adder closely misses you. The kobold hits you but does no damage.
The kobold throws a stone.
The stone closely misses you. The endoplasm barely misses you.
The adder misses you.
You slash the adder!
You kill the adder!
The kobold barely misses you. The endoplasm hits you.
You hit Terence. Your kick misses Terence.
Terence is lightly wounded.
The kobold closely misses you. The endoplasm misses you.
Terence hits you with a +3 vampiric short sword.
Terence draws strength from your wounds!
You are too injured to fight recklessly!
You are too injured to fight recklessly!
Terence attacks as you move away!
Terence hits you with a +3 vampiric short sword.
* * * LOW HITPOINT WARNING * * *
The kobold attacks as you move away!
The kobold hits you with a +0 short sword.
* * * LOW HITPOINT WARNING * * *
The kobold attacks as you move away! The kobold closely misses you.
The kobold throws a stone.
The stone hits you.
* * * LOW HITPOINT WARNING * * *
There is a stone staircase leading up here.
The kobold hits you with a +0 short sword.
You die...

#.#.# #.##
.......... ##
#.#.#.#.#
#..........
##.#.#.#.#.#
#..†J.......
##.#.#K#.#.#.
#...K@.......
##.#@#.#.#.#.
#.##.## # .#
.# .# .. ##


You could see Terence, an endoplasm and 2 kobolds.

Vanquished Creatures
  An adder (D:2)
  A dart slug (D:1)
  6 bats (D:1)
  An endoplasm (D:1)
  2 giant cockroaches (D:1)
  5 hobgoblins
  2 jackals (D:1)
  2 quokkas (D:1)
  3 ball pythons (D:1)
  A frilled lizard (D:1)
  2 goblins (D:1)
  2 kobolds (D:1)
  2 rats (D:1)
30 creatures vanquished.

Vanquished Creatures (others)
  A demonic plant (D:1)
1 creature vanquished.

Grand Total: 31 creatures vanquished

Notes
Turn   | Place    | Note
-------+----------+-------------------------------------------
     0 | D:1      | Leeroy the Tengu Warper began the quest for the Orb.
     0 | D:1      | Reached XP level 1. HP: 12/12 MP: 4/4
   189 | D:1      | Reached skill level 3 in Long Blades
   189 | D:1      | Reached XP level 2. HP: 4/17 MP: 6/6
   475 | D:1      | Reached XP level 3. HP: 20/21 MP: 7/7
   890 | D:1      | Reached skill level 4 in Long Blades
  1104 | D:2      | Noticed Terence
  1112 | D:2      | HP: 1/21 [kobold/stone (1)]
  1113 | D:2      | Slain by a kobold

Illustrated notes

Levels and vault maps discovered:
D:1:      dpeg_arrival_stone_temple_mockup, layout_basic,
          dreamdust_princess_corridor, nicolae_kite_square_tiling_tiny,
          hangedman_decor_points, bh_walls_and_bars
D:2:      layout_loops_ring, basic_altar, st_stairs_10, uniq_terence

Skill      XL: |  1  2  3 |
---------------+----------+-----
Long Blades    | 3 4 |  4.2
Fighting       | |  2.0
Throwing       | |  1.0
Armour         | |  1.1
Dodging        | |  2.1
Spellcasting   | |  2.0
Translocations | |  2.4

Action                   || total
-------------------------++-------
Melee: Falchion          ||    79
       Kick              ||    16
       Peck              ||    13
       Punch             ||     2
Armor: Leather armour    ||    23
Dodge: Dodged            ||    59

Table legend: (Time is in decaauts)
 A = Elapsed time spent in this place.
 B = Non-inter-level travel time spent in this place.
 C = Inter-level travel time spent in this place.
 D = Time resting spent in this place.
 E = Time spent auto-exploring this place.
 F = Levels seen in this place.
 G = Mean time per level.
                   A        B        C        D        E       F      G
               +--------+--------+--------+--------+--------+-----+--------+
         Total |   1123 |   1053 |     70 |      0 |    874 |   2 |  561.5 |
       Dungeon |   1123 |   1053 |     70 |      0 |    874 |   2 |  561.5 |
               +--------+--------+--------+--------+--------+-----+--------+

Top non-repeatable levels by time:
     D:1: 1112 daAuts
     D:2: 11 daAuts
